 Dungeon Sprint DCSS version 0.28-a0-1387-g3a22ab9bdc (webtiles) character file.

Game seed: 7613641971112046583

19 HallandMoats the Demonic Disaster (level 2, -6/24 HPs)
             Began as a Demonspawn Monk on Jan 3, 2022.
             Was a Believer of Qazlal.
             Mangled by a green draconian (12 damage)
             ... in the Dungeon (Sprint V: "Ziggurat Sprint").
             The game lasted 00:01:59 (133 turns).

HallandMoats the Demonic Disaster (Demonspawn Monk)  Turns: 133, Time: 00:01:59

Health: -6/24      AC: 17    Str: 23    XL:     2   Next: 55%
Magic:  7/7        EV: -3    Int: 11    God:    Qazlal [**....]
Gold:   0          SH: 28    Dex: 15    Spells: 1/1 levels left

rFire   + . .      SeeInvis +   v - +14 obsidian axe {vorpal, Mesm Drain Fly SInv}
rCold   + . .      Faith    .   w - +18 shield of the Gong {rElec rN+ Will+ EV-5}
rNeg    + . .      Spirit   .   i - +5 gold dragon scales
rPois   +          Reflect  .   (no helmet)
rElec   +          Harm     .   (no cloak)
rCorr   .          Rampage  .   (no gloves)
Will    +....      NoTele   +   (no boots)
Stlth   ..........              (no amulet)
HPRegen 0.08/turn               A - +6 ring of strength
MPRegen 0.10/turn               B - +6 ring of strength

@: flying, mesmerised
A: condensation shield
a: Renounce Religion, Upheaval


You were in the Dungeon.
You worshipped Qazlal.
Qazlal was pleased with you.
You visited 1 branch

Inventory:

Hand Weapons
 v - the +14 obsidian axe (weapon) {vorpal, Mesm Drain Fly SInv}
   (You found it in the Dungeon)

   It inflicts extra damage upon your enemies.
   It occasionally summons demons to assist the wielder when it strikes in
   combat.
   Its wielder is mesmerised by any visible foes.
   It cannot be unequipped while any foes are visible.
   SInv:      It lets you see invisible.
   Fly:       It grants you flight.
   Drain:     It drains your maximum health when unequipped.
Armour
 i - +5 gold dragon scales (worn)
 w - the +18 shield of the Gong (worn) {rElec rN+ Will+ EV-5}
   (You found it in the Dungeon)

   It is deafeningly noisy when blocking attacks.
   EV:        It affects your evasion (-5).
   rElec:     It insulates you from electricity.
   rN:        It protects you from negative energy.
   Will:      It increases your willpower.
Jewellery
 A - a +6 ring of strength (left hand)
 B - a +6 ring of strength (right hand)
Scrolls
 h - 4 scrolls of blinking
 o - 4 scrolls of amnesia
 p - 7 scrolls of fog
 q - 5 scrolls of identify
 r - 2 scrolls of fear
Potions
 c - 10 potions of curing
 d - 10 potions of heal wounds
 e - 6 potions of haste
 f - 7 potions of magic
 g - 3 potions of berserk rage
 j - 2 potions of brilliance
 k - 2 potions of invisibility
 l - 4 potions of resistance
 n - 5 potions of might


   Skills:
 + Level 3.1 Fighting
 + Level 2.8 Axes
 * Level 0.7 Armour
 + Level 2.8 Dodging
 - Level 1.7 Stealth
 + Level 0.3 Shields
 * Level 9.8 Invocations


You had one spell level left.
You didn't know any spells.
Your spell library was empty.

Dungeon Overview and Level Annotations

Branches:
Dungeon (1/1)

Altars:
Ashenzari
Cheibriados
Dithmenos
Elyvilon
Fedhas
Gozag
Hepliaklqana
Kikubaaqudgha
Makhleb
Nemelex Xobeh
Okawaru
Qazlal
Ru
Sif Muna
Trog
Uskayaw
Vehumet
Wu Jian
Xom
Yredelemnul
Zin
The Shining One
Beogh
Jiyva
Lugonu

Annotations:
D 1 transporter


Innate Abilities, Weirdness & Mutations

A meltable shield of frost defends you. (SH +0)


Message History

SHROANNG!
You slash the green draconian! You open a gate to Pandemonium!
A demon appears!
The green draconian is heavily wounded.
You hit the sun demon.
Visions of slaying the sun demon flood into your mind.
You block the ufetubus's attack.
GONNNNG!
You block the ufetubus's attack.
PTOANNNG!
The green draconian hits you with a +0 battleaxe!
The green draconian hits your ynoxinul with a +0 battleaxe!
The green draconian tail-slaps you but does no damage.
You block the sun demon's attack.
BONNNG!
You block the ufetubus's attack.
GONNNNG!
The ufetubus hits you but does no damage.
The orc sorcerer mumbles some strange words.
The green draconian hits you with a +0 battleaxe.
The green draconian hits your ynoxinul with a +0 battleaxe!
The green draconian tail-slaps you but does no damage.
The sun demon hits you.
You are engulfed in flames.
Your condensation shield dissipates!
You resist.
* * * LOW HITPOINT WARNING * * *
You slash the orc sorcerer!
The orc sorcerer is moderately wounded.
You closely miss the ufetubus. You hit the green draconian.
You hit the sun demon. You block the ufetubus's attack.
GONNNNG!
You block the ufetubus's attack.
SHROANNG!
You block the ufetubus's attack.
GONNNNG!
The ufetubus hits you but does no damage.
The sun demon hits you but does no damage.
The orc sorcerer hits you but does no damage.
The green draconian hits you with a +0 battleaxe!
Ouch! That really hurt!
You die...

▓▓▓▓▓▓▓▓▓▓▓▓▓
▓.8©8.▓.8©8.▓
▓.=)).▓.....▓
▓.....▓.|.).▓
▓..43.▓.....▓
▓.3d5.▓.....▓
▓.o@°.▓..©..▓
▓..©..▓▓▓▓▓▓▓
▓▓▓▓▓▓▓


You could see a green draconian, a sun demon (summoned, mesmerising), a chaos
spawn (summoned), an orc sorcerer, an ufetubus (ally target) and a friendly
ynoxinul (summoned).

Vanquished Creatures
  A shadow imp (D)
1 creature vanquished.

Vanquished Creatures (collateral kills)
  An adder zombie (D)
1 creature vanquished.

Grand Total: 2 creatures vanquished

Notes
Turn   | Place    | Note
-------+----------+-------------------------------------------
     0 | D        | HallandMoats the Demonspawn Monk began the quest for the
                  | Orb.
     0 | D        | Reached XP level 1. HP: 18/18 MP: 1/1
     3 | D        | Found a blossoming altar of Fedhas.
     3 | D        | Found the +6 Majin-Bo {vamp, MP+6 Int+6}
     3 | D        | Found the +9 heavy crossbow "Sniper" {vorpal, Acc+∞ SInv}
     3 | D        | Found the +10 dark maul {vorpal}
     3 | D        | Found the +15 Maxwell's patent armour {-Cast -Tele rElec
                  | Will+ rCorr}
     3 | D        | Found the +18 shield of the Gong {rElec rN+ Will+ EV-5}
     3 | D        | Found the +14 obsidian axe {vorpal, Mesm Drain Fly SInv}
     3 | D        | Found the +7 great mace "Firestarter" {inner flame, rF++}
     3 | D        | Found the +6 shillelagh "Devastator" {shatter}
     3 | D        | Found the +11 plutonium sword {Contam Stlth-}
     3 | D        | Found the +8 lance "Wyrmbane" {slay drac, rPois rF+ rC+
                  | AC+3}
     3 | D        | Found the +9 sword of Zonguldrok {reap}
     3 | D        | Found the +13 scythe of Curses {drain, Drain}
     3 | D        | Found the +5 sword of Power {vorpal}
     3 | D        | Found the +7 mace of Variability {chain chaos}
     3 | D        | Found the +7 Singing Sword {vorpal, sonic wave}
     3 | D        | Found the +8 storm bow {elec, penet}
     5 | D        | Found a shimmering blue altar of Sif Muna.
     5 | D        | Found a sacrificial altar of Ru.
     5 | D        | Found a bloodstained altar of Trog.
     5 | D        | Found a stormy altar of Qazlal.
     5 | D        | Found an iron altar of Okawaru.
     5 | D        | Found a sparkling altar of Nemelex Xobeh.
     7 | D        | Found a transporter.
     7 | D        | Found an ancient bone altar of Kikubaaqudgha.
     7 | D        | Found a viscous altar of Jiyva.
     7 | D        | Found a corrupted altar of Lugonu.
     7 | D        | Found a hazy altar of Hepliaklqana.
     7 | D        | Found a burning altar of Makhleb.
     7 | D        | Found an opulent altar of Gozag.
    58 | D        | Reached skill level 9 in Invocations
    58 | D        | Gained mutation: A meltable shield of frost defends you.
                  | (SH +0) [demonic ancestry]
    58 | D        | Reached XP level 2. HP: 24/24 MP: 1/7
    63 | D        | Became a worshipper of Qazlal Stormbringer
    63 | D        | Reached * piety under Qazlal
    63 | D        | Reached ** piety under Qazlal
   120 | D        | Entered arena 2.
   120 | D        | Found a transporter.
   128 | D        | Entered arena 3.
   128 | D        | Noticed an orc sorcerer
   128 | D        | Noticed a green draconian
   128 | D        | Found a transporter.
   130 | D        | Noticed a sun demon
   133 | D        | Noticed a chaos spawn
   133 | D        | Mangled by a green draconian

Illustrated notes

Levels and vault maps discovered:
D:        sprint_v [room_start, room_1, room_2, room_3, room_4, room_5, room_6,
          room_7, room_8, room_9, room_10, room_11, room_12, room_13, room_14,
          room_15, room_16, room_17, room_18, room_19, room_20, room_21,
          room_22, room_23, room_24, room_25, room_26, room_27]

Skill      XL: |  1 |
---------------+----+-----
Invocations    | 9 |  9.8
Fighting       | |  3.1
Axes           | |  2.8
Armour         | |  0.7
Dodging        | |  2.8
Stealth        | |  1.7
Shields        | |  0.3

Action                   || total
-------------------------++-------
Melee: Broad axe         ||     6
  Use: Potion            ||     1
Armor: Gold dragon scale ||     7
Block: Kite shield       ||    17

Table legend: (Time is in decaauts)
 A = Elapsed time spent in this place.
 B = Non-inter-level travel time spent in this place.
 C = Inter-level travel time spent in this place.
 D = Time resting spent in this place.
 E = Time spent auto-exploring this place.
 F = Levels seen in this place.
 G = Mean time per level.
                   A        B        C        D        E       F      G
               +--------+--------+--------+--------+--------+-----+--------+
         Total |    135 |    135 |      0 |     48 |      0 |   1 |  135.0 |
       Dungeon |    135 |    135 |      0 |     48 |      0 |   1 |  135.0 |
               +--------+--------+--------+--------+--------+-----+--------+

Top non-repeatable levels by time:
       D: 135 daAuts
